 Dungeon Crawl Stone Soup version 0.23.1 (webtiles) character file.

Game seed: 5634109169396634621

618 Nekros the Purveyor of Pain (level 7, -1/46 HPs)
             Began as a Vampire Necromancer on Mar 9, 2019.
             Was an Initiate of Kikubaaqudgha.
             Slain by Pikel
             ... wielding a +2 whip of freezing
              (2 damage)
             ... on level 4 of the Dungeon.
             The game lasted 00:31:26 (6777 turns).

Nekros the Purveyor of Pain (Vampire Necromancer)   Turns: 6777, Time: 00:31:27

Health: -1/46      AC:  3    Str:  7    XL:     7   Next: 21%
Magic:  4/15       EV: 13    Int: 19    God:    Kikubaaqudgha [......]
Gold:   218        SH:  0    Dex: 15    Spells: 10/16 levels left

rFire    . . .     SeeInvis +   c - +3 dagger (venom)
rCold    + . .     Gourm    .   (no shield)
rNeg     + + .     Faith    .   a - +0 robe
rPois    +         Spirit   .   (no helmet)
rElec    .         Reflect  .   n - +0 cloak
rCorr    .         Harm     .   (no gloves)
MR       .....                  (no boots)
Stlth    ++++......             (no amulet)
HPRegen  0.07/turn              e - ring of stealth
MPRegen  0.14/turn              (no ring)

@: regenerating slowly
A: fangs 3, see invisible, unbreathing
a: Bat Form, Renounce Religion


You were on level 4 of the Dungeon.
You worshipped Kikubaaqudgha.
Kikubaaqudgha was noncommittal.
You were very thirsty.

You visited 1 branch of the dungeon, and saw 4 of its levels.

You collected 218 gold pieces.

Inventory:

Hand Weapons
 c - a +3 dagger of venom (weapon)
Armour
 a - a +0 robe (worn)
 n - a +0 cloak (worn)
Magical Staves
 i - an uncursed staff of poison
Jewellery
 e - a ring of stealth (left hand)
Wands
 f - a wand of polymorph (8)
Scrolls
 b - 2 scrolls of amnesia {unknown}
 j - a scroll of remove curse {unknown}
 k - 2 scrolls of identify
 l - a scroll of fog {unknown}
 m - 2 scrolls of enchant armour {unknown}
Potions
 d - a potion of flight
 g - a potion of mutation {unknown}
 h - a potion of ambrosia {unknown}
 o - a potion of heal wounds {unknown}
 p - a potion of cancellation {unknown}


   Skills:
 - Level 0.4 Short Blades
 - Level 2.3 Dodging
 - Level 3.0 Stealth
 + Level 5.3 Spellcasting
 + Level 7.4 Necromancy


You had 10 spell levels left.
You knew the following spells:

 Your Spells              Type           Power        Failure   Level  Hunger
a - Pain                  Necr           ####         1%          1    None
b - Animate Skeleton      Necr           N/A          1%          1    None
c - Animate Dead          Necr           N/A          5%          4    ####...

Your spell library contained the following spells:

 Spells                   Type           Power        Failure   Level  Hunger
 Vampiric Draining        Necr           ####......   1%          3    ##.....
 Regeneration             Chrm/Necr      ###.......   8%          3    ##.....
 Beastly Appendage        Tmut           #.....       12%         1    None
 Sticks to Snakes         Tmut           #.......     19%         2    None
 Spider Form              Tmut/Pois      #.........   34%         3    ##.....
 Ice Form                 Ice/Tmut       #.......     75%         4    ####...
 Blade Hands              Tmut           #.........   97%         5    #####..


Dungeon Overview and Level Annotations

Branches:
Dungeon (4/15)
 Temple: D:4-7

Altars:
Elyvilon
Kikubaaqudgha
Makhleb
Trog

Annotations:
D:4 Pikel


Innate Abilities, Weirdness & Mutations

You heal slowly.
You have razor-sharp teeth.
You have supernaturally acute eyesight. (SInv)
You can survive without breathing.


Message History

Casting: Pain (safe; 1% risk of failure)
Confirm with . or Enter, or press ? or * to list all spells.
Aiming: Pain (safe; 1% risk of failure)
Press: ? - help, Shift-Dir - straight line, f/p - Pikel
Aim: Pikel, wielding a +2 whip of freezing and wearing a +0 robe (severely wounded, chance to defeat MR: 84%) Pikel writhes in agony.
Pikel hits you with a +2 whip of freezing.
* * * LOW HITPOINT WARNING * * *
Casting: Pain (safe; 1% risk of failure)
Confirm with . or Enter, or press ? or * to list all spells.
Aiming: Pain (safe; 1% risk of failure)
Press: ? - help, Shift-Dir - straight line, f/p - Pikel
Aim: Pikel, wielding a +2 whip of freezing and wearing a +0 robe (severely wounded, chance to defeat MR: 84%) Pikel barely resists.
Pikel waves his whip at you.
Pikel hits you with a +2 whip of freezing!
* * * LOW HITPOINT WARNING * * *
Pikel freezes you.
You die...
Kikubaaqudgha rasps: "You have failed me!
Welcome... oblivion!"

#.# #########<#......."......#
#.# #)#............###
#.#############)############>#
#.........<..........[# #.#
###############.#####.# #.#
#.###.#.######.###
#.....p..........#
##########.#.######.###
.......@Kp.# #.# #####.#.##.#
#.# # #.##... #.# #?.......
#.# ######.#.# #.#### .# #
#..... .. #.#### #. #.# # #.#
#


You could see Pikel and a slave.

Vanquished Creatures
  2 slaves (D:4)
  Blork the orc (D:4)
  2 vampire bats (D:3)
  2 orc priests
  An iguana (D:4)
  2 orc wizards (D:4)
  2 worker ants (D:4)
  Natasha (thrice) (D:4)
  Robin (D:3)
  8 adders
  An ooze (D:4)
  2 worms
  5 dart slugs
  6 orcs
  3 bat skeletons (D:3)
  2 bat zombies (D:3)
  5 giant cockroaches
  14 goblins
  6 hobgoblins
  7 jackals (D:3)
  9 kobolds
  A quokka (D:3)
  2 ball pythons (D:1)
  5 bats
  4 frilled lizards
  8 rats
104 creatures vanquished.

Vanquished Creatures (collateral kills)
  A dart slug (D:1)
  3 orcs
  4 goblins
  A hobgoblin (D:1)
  A jackal (D:3)
  2 kobolds
12 creatures vanquished.

Grand Total: 116 creatures vanquished

Notes
Turn   | Place    | Note
-------+----------+-------------------------------------------
     0 | D:1      | Nekros the Vampire Necromancer began the quest for the Orb.
     0 | D:1      | Reached XP level 1. HP: 13/13 MP: 3/3
    19 | D:1      | Learned a level 1 spell: Animate Skeleton
   133 | D:1      | Reached XP level 2. HP: 15/19 MP: 0/5
   636 | D:1      | Reached skill level 5 in Necromancy
   906 | D:2      | Reached XP level 3. HP: 24/24 MP: 4/6
  1093 | D:2      | Found a burning altar of Makhleb.
  1184 | D:2      | Found a white marble altar of Elyvilon.
  1710 | D:3      | Reached XP level 4. HP: 27/30 MP: 4/8
  1716 | D:3      | Learned a level 4 spell: Animate Dead
  2207 | D:3      | Noticed Robin
  2231 | D:3      | Killed Robin
  2649 | D:3      | Reached XP level 5. HP: 20/35 MP: 1/10
  2689 | D:3      | Reached skill level 6 in Necromancy
  3854 | D:3      | Found an ancient bone altar of Kikubaaqudgha.
  3890 | D:3      | Became a worshipper of Kikubaaqudgha
  3945 | D:3      | Reached XP level 6. HP: 18/41 MP: 12/12
  4540 | D:4      | Noticed a slave
  4550 | D:4      | Noticed a slave
  4551 | D:4      | Noticed a slave
  4552 | D:4      | Killed a slave
  4553 | D:4      | Noticed Pikel
  4553 | D:4      | Noticed a slave
  5186 | D:4      | Noticed Natasha
  5189 | D:4      | Killed Natasha
  5255 | D:4      | Noticed Natasha
  5267 | D:4      | Killed Natasha
  5267 | D:4      | Reached skill level 7 in Necromancy
  5605 | D:4      | Reached skill level 5 in Spellcasting
  5608 | D:4      | Reached XP level 7. HP: 19/46 MP: 3/14
  6042 | D:4      | Noticed Natasha
  6048 | D:4      | Killed Natasha
  6133 | D:4      | Found a bloodstained altar of Trog.
  6367 | D:4      | Noticed Blork the orc
  6376 | D:4      | Killed Blork the orc
  6777 | D:4      | HP: 1/46 [Pikel/+2 whip of freezing (8)]
  6777 | D:4      | Slain by Pikel

Skill      XL: |  1  2  3  4  5  6 |
---------------+-------------------+-----
Necromancy     | 5 6 7 |  7.4
Spellcasting   | 3 4 5 |  5.3
Short Blades   | |  0.4
Dodging        | |  2.3
Stealth        | |  3.0

Action                   |  1- 3 |  4- 6 |  7- 9 || total
-------------------------+-------+-------+-------++-------
Melee: Unarmed           |     2 |       |       ||     2
       Dagger            |     7 |    72 |     1 ||    80
       Bite              |     3 |     4 |       ||     7
 Cast: Pain              |    62 |    98 |    29 ||   189
       Animate Skeleton  |    10 |     4 |     1 ||    15
       Animate Dead      |       |     7 |       ||     7
 Abil: End Transformatio |       |       |     1 ||     1
       Bat Form          |       |       |     1 ||     1
  Use: Scroll            |     3 |     1 |       ||     4
       Potion            |       |     2 |       ||     2
 Stab: Sleeping          |       |     3 |       ||     3
  Eat: Corpse            |     4 |     4 |     4 ||    12
Armor: Robe              |     4 |    47 |     1 ||    52
Dodge: Dodged            |    16 |   145 |     4 ||   165
